 Dungeon Crawl Stone Soup version 0.26-a0-110-g95b6527cb0 (webtiles) character file.

Game seed: 6124594334952868547

2319 MrRokkomies the Archer (level 9, -3/81 HPs)
             Began as a Centaur Hunter on June 23, 2020.
             Was a Priest of Okawaru.
             Killed from afar by a gargoyle (23 damage)
             ... with a stone arrow
             ... on level 7 of the Dungeon.
             The game lasted 00:16:43 (7989 turns).

MrRokkomies the Archer (Centaur Hunter)             Turns: 7989, Time: 00:16:44

Health: -3/81      AC:  9    Str: 15    XL:     9   Next: 18%
Magic:  13/13      EV:  7    Int: 10    God:    Okawaru [***...]
Gold:   386        SH:  0    Dex: 13    Spells: 8/8 levels left

rFire    + . .     SeeInvis +   a - +2 shortbow
rCold    . . .     Faith    .   (shield currently unavailable)
rNeg     . . .     Spirit   .   s - +0 scale mail
rPois    .         Reflect  .   (no helmet)
rElec    .         Harm     .   (no cloak)
rCorr    .                      x - +2 pair of gloves
MR       .....                  (no barding)
Stlth    ..........             (no amulet)
HPRegen  0.23/turn              i - ring of protection from fire
MPRegen  0.13/turn              t - ring of see invisible

@: very quick
A: large, hooves 3, deformed body, speed 2, tough skin 3
a: Heroism, Renounce Religion


You were on level 7 of the Dungeon.
You worshipped Okawaru.
Okawaru was most pleased with you.
You were not hungry.

You visited 1 branch of the dungeon, and saw 8 of its levels.

You collected 386 gold pieces.

Inventory:

Hand Weapons
 a - a +2 shortbow (weapon)
 b - a +2 dagger of venom
Missiles
 d - 75 arrows (quivered)
Armour
 s - a +0 scale mail (worn)
 x - a +2 pair of gloves (worn)
Jewellery
 i - a ring of protection from fire (left hand)
 t - a ring of see invisible (right hand)
 y - an uncursed amulet of regeneration {unknown}
Wands
 c - a wand of enslavement (6)
 B - a wand of flame (22)
 C - a wand of iceblast (9)
Scrolls
 o - 4 scrolls of identify
 p - 3 scrolls of remove curse
 r - 4 scrolls of fear
 u - a scroll of blinking
 w - 2 scrolls of holy word
 A - 2 scrolls of teleportation
Potions
 e - 2 potions of flight
 g - a potion of heal wounds {unknown}
 h - 2 potions of curing
 j - a potion of invisibility {unknown}
 k - a potion of brilliance {unknown}
 l - 3 potions of haste
 m - a potion of degeneration {unknown}
 n - 2 potions of magic {unknown}
 q - 2 potions of ambrosia
 v - 2 potions of lignification {unknown}
Comestibles
 f - 8 rations


   Skills:
 * Level 8.1 Fighting
 * Level 11.4 Bows
 - Level 1.3 Dodging
 - Level 0.4 Stealth
 + Level 5.5 Invocations


You had 8 spell levels left.
You didn't know any spells.
Your spell library contained the following spells:

 Spells                   Type           Power        Failure   Level  Hunger
 Animate Skeleton         Necr           N/A          85%         1    ##.....
 Apportation              Tloc           #.....       85%         1    ##.....
 Beastly Appendage        Tmut           #.....       85%         1    ##.....
 Corona                   Hex            #......      85%         1    ##.....
 Pain                     Necr           #...         85%         1    ##.....
 Summon Small Mammal      Summ           #...         85%         1    ##.....
 Sticks to Snakes         Tmut           #.......     94%         2    ###....
 Spider Form              Tmut/Pois      #.........   99%         3    ####...
 Vampiric Draining        Necr           #.........   99%         3    ####...
 Animate Dead             Necr           N/A          100%        4    #####..
 Ice Form                 Ice/Tmut       #.......     100%        4    #####..
 Agony                    Necr           #.......     100%        5    ######.
 Blade Hands              Tmut           #.........   100%        5    ######.


Dungeon Overview and Level Annotations

Branches:
Dungeon (8/15)             Temple (0/1) D:7
   Lair: D:8-11

Altars:
Ashenzari
Fedhas
Hepliaklqana
Kikubaaqudgha
Makhleb
Okawaru
Sif Muna
Trog
Wu Jian
The Shining One

Shops:
D:7 :


Innate Abilities, Weirdness & Mutations

You have hooves in place of feet.
Armour fits poorly on your strangely shaped body.
You cover ground very quickly.
You have extremely tough skin. (AC +3)


Message History

You feel invigorated.
The gargoyle hurls a stone arrow at you.
The stone arrow misses you.
The gargoyle hurls a stone arrow at you.
The stone arrow hits you!
* * * LOW HITPOINT WARNING * * *
The gargoyle hits you with a +0 flail!
* * * LOW HITPOINT WARNING * * *
You feel less invigorated.
You feel less confused. The gargoyle completely misses you.
The gargoyle hits you with a +0 flail!
* * * LOW HITPOINT WARNING * * *
You feel better.
You feel better. The gargoyle hits you with a +0 flail!
* * * LOW HITPOINT WARNING * * *
You feel better.
The gargoyle hurls a stone arrow at you.
The stone arrow hits you!!
You die...

..........................####+#.
...............................+.
.....................#.#.......#.
....................#.#.#......#.
...................#.#.#.#.#####.
.......###########..#.>.#.....###
.......'...........#.#.#.#....#..
.......#........9...#.#.#.....#..
.......#........@....#.#......#..
########....#####.............###
'.....'.....#.....#..##..........
#.....####'##.....#...#..........
#.....#......(....#...#.....)....
#.....#...........#...#..........
......#...........#...#..........
......#...........+...#..........
......#...........#...#..........


You could see a gargoyle.

Vanquished Creatures
  2 hungry ghosts
  A sky beast (D:8)
  An orc warrior (D:7)
  A black bear (D:6)
  2 phantoms
  5 ogres
  A centaur (D:7)
  2 bullfrogs (D:6)
  3 killer bees (D:8)
  3 crimson imps (D:7)
  2 hounds
  2 orc priests (D:6)
  5 orc wizards
  3 iguanas
  5 worker ants
  A hound zombie (D:5)
  Robin (D:4)
  A howler monkey skeleton (D:4)
  2 worker ant zombies
  7 adders
  4 gnolls (D:6)
  A shadow imp (D:5)
  An adder skeleton (D:4)
  3 worms
  2 dart slugs (D:1)
  2 leopard geckos
  21 orcs
  A ball python (D:6)
  4 giant cockroaches
  16 goblins
  6 hobgoblins
  2 jackals (D:1)
  4 kobolds
  A quokka (D:7)
  2 bats (D:2)
  2 frilled lizards
  A jackal skeleton (D:7)
  9 rats
132 creatures vanquished.

Notes
Turn   | Place    | Note
-------+----------+-------------------------------------------
     0 | D:1      | MrRokkomies the Centaur Hunter began the quest for the Orb.
     0 | D:1      | Reached XP level 1. HP: 17/17 MP: 1/1
   461 | D:1      | Reached XP level 2. HP: 15/25 MP: 2/2
   885 | D:1      | Reached skill level 6 in Bows
  1033 | D:2      | Reached XP level 3. HP: 18/30 MP: 3/3
  1208 | D:2      | Found a shattered altar of Ashenzari.
  1631 | D:3      | Found a glowing golden altar of the Shining One.
  1632 | D:3      | Found a bloodstained altar of Trog.
  1989 | D:3      | Found an iron altar of Okawaru.
  2113 | D:3      | Found a blossoming altar of Fedhas.
  2113 | D:3      | Found a shimmering blue altar of Sif Muna.
  2139 | D:3      | Became a worshipper of Warmaster Okawaru
  2317 | D:4      | Reached XP level 4. HP: 24/38 MP: 4/4
  2351 | D:4      | Reached skill level 1 in Invocations
  2362 | D:4      | Reached XP level 5. HP: 10/46 MP: 5/5
  2644 | D:4      | Reached skill level 7 in Bows
  3057 | D:4      | Noticed Robin
  3074 | D:4      | Reached XP level 6. HP: 53/53 MP: 7/7
  3080 | D:4      | Reached * piety under Okawaru
  3091 | D:4      | Killed Robin
  3825 | D:5      | Entered Level 5 of the Dungeon
  3906 | D:5      | Reached skill level 8 in Bows
  4074 | D:5      | Found a burning altar of Makhleb.
  4128 | D:5      | Reached skill level 5 in Fighting
  4128 | D:5      | Reached XP level 7. HP: 39/61 MP: 7/9
  4348 | D:5      | Found an ornate altar of the Wu Jian Council.
  4821 | D:6      | Reached ** piety under Okawaru
  4911 | D:6      | Reached skill level 9 in Bows
  5495 | D:6      | Reached XP level 8. HP: 50/71 MP: 10/10
  6087 | D:7      | Found a staircase to the Ecumenical Temple.
  6114 | D:7      | Reached skill level 10 in Bows
  6277 | D:7      | Found an ancient bone altar of Kikubaaqudgha.
  6437 | D:7      | Found Yfux's Book Shoppe.
  6472 | D:7      | Reached *** piety under Okawaru
  6975 | D:7      | Reached skill level 5 in Invocations
  7198 | D:7      | Reached skill level 11 in Bows
  7466 | D:8      | Reached XP level 9. HP: 81/81 MP: 12/12
  7685 | D:8      | Found a hazy altar of Hepliaklqana.
  7710 | D:8      | Noticed a gargoyle
  7986 | D:7      | HP: 3/81 [gargoyle/+0 flail (17)]
  7989 | D:7      | Killed from afar by a gargoyle

Illustrated notes

Levels and vault maps discovered:
D:1:      grunt_arrival_lava_bath, layout_basic, minmay_misc_feat_roman,
          minmay_small_reverse_x
D:2:      layout_rooms, nicolae_ashenzari_panopticon
D:3:      layout_loops_ring, gammafunk_temple_overflow_wave,
          chequers_temple_overflow_statue_of_worship, first_ration,
          okawaru_metal_pillars_3
D:4:      layout_basic, uniq_robin
D:5:      layout_cave_pools, hangedman_feature_mirror
D:6:      layout_cave_pools
D:7:      layout_gridville, lemuel_doored_altar, minmay_temple_entry_grid,
          serial_shops, nicolae_shop_statue_plus
D:8:      layout_layer_cave, overflow_temple_1_default,
          gammafunk_temple_overflow_statue, lair_entry_dummy, the_bakery

Skill      XL: |  1  2  3  4  5  6  7  8  9 |
---------------+----------------------------+-----
Bows           | 6 7 8 9 11 | 11.4
Fighting       | 3 4 5 6 7 8 |  8.1
Invocations    | 1 2 3 5 |  5.5
Dodging        | |  1.3
Stealth        | |  0.4

Action                   |  1- 3 |  4- 6 |  7- 9 || total
-------------------------+-------+-------+-------++-------
Melee: Short sword       |    51 |       |       ||    51
       Kick              |    18 |    21 |    35 ||    74
       Dagger            |    59 |   129 |   142 ||   330
 Fire: Shortbow          |    18 |    28 |   175 ||   221
  Use: Scroll            |     3 |     6 |     3 ||    12
       Potion            |       |       |     6 ||     6
  Eat: Chunk             |     3 |     5 |    10 ||    18
       Ration            |       |       |     3 ||     3
Armor: Leather armour    |    41 |       |       ||    41
       Scale mail        |     8 |    64 |   104 ||   176
Dodge: Dodged            |    52 |    39 |    73 ||   164

Table legend:
 A = Non-vault XP
 B = Vault XP
 C = Vault XP percentage of total XP
 D = Non-vault monster count
 E = Vault monster count
 F = Vault count percentage of total count
                 A         B        C        D         E       F
            +---------+---------+-------+---------+---------+-------
      Total |    3267 |      47 |   1.4 |     116 |      16 |  12.1
            +---------+---------+-------+---------+---------+-------
        D:1 |      29 |      11 |  27.5 |      17 |       4 |  19.0
        D:2 |      29 |       0 |   0.0 |      14 |       0 |   0.0
        D:3 |       8 |       0 |   0.0 |       3 |       0 |   0.0
        D:4 |     441 |      36 |   7.5 |      24 |      12 |  33.3
        D:5 |     252 |       0 |   0.0 |      11 |       0 |   0.0
        D:6 |     899 |       0 |   0.0 |      23 |       0 |   0.0
        D:7 |    1064 |       0 |   0.0 |      18 |       0 |   0.0
        D:8 |     545 |       0 |   0.0 |       6 |       0 |   0.0
            +---------+---------+-------+---------+---------+-------
